 Dungeon Crawl Stone Soup version 0.30.0-30-g96aa6591b8 (webtiles) character file.

Game seed: 8662150366732541716

1903 Darius the Cleaver (level 8, -1/71 HPs)
             Began as a Minotaur Berserker on July 1, 2023.
             Was a Priest of Trog.
             Slain by a gnoll
             ... wielding a +0 halberd
             ... led by a gnoll bouda
              (8 damage)
             ... on level 5 of the Dungeon.
             The game lasted 00:10:14 (4959 turns).

Darius the Cleaver (Minotaur Berserker)             Turns: 4959, Time: 00:10:15

Health: -1/71      AC: 13    Str: 21    XL:     8   Next: 94%
Magic:  7/7        EV:  9    Int:  6    God:    Trog [***...]
Gold:   194        SH: 11    Dex: 15    Spells: 7/7 levels left

rFire   . . .        a - +1 hand axe (protect)
rCold   . . .        A - +0 tower shield
rNeg    . . .        o - +0 ring mail of Fopaapty {rElec Dex+4}
rPois   .            (helmet restricted)
rElec   +            (no cloak)
rCorr   .            (no gloves)
SInv    .            (no boots)
Will    .....        (no amulet)
Stlth   ++           (no ring)
HPRegen 0.31/turn    (no ring)
MPRegen 0.10/turn

%: no passive effects
@: under a protective aura, on berserk cooldown, slowed, very slow
A: horns 2, retaliatory headbutt
a: Renounce Religion, Berserk, Trog's Hand


You were on level 5 of the Dungeon.
You worshipped Trog.
Trog was most pleased with you.
You visited 1 branch of the dungeon, and saw 5 of its levels.

You collected 254 gold pieces.
You spent 60 gold pieces at shops.

Inventory:

Hand Weapons
 a - a +1 hand axe of protection (weapon)
Missiles
 k - 2 silver javelins (quivered)
Armour
 b - a +1 animal skin
 o - the +0 ring mail of Fopaapty (worn) {rElec Dex+4}
   (You found it on level 3 of the Dungeon)

   Dex:       It affects your dexterity (+4).
   rElec:     It insulates you from electricity.
 A - a +0 tower shield (worn)
Jewellery
 p - a ring of positive energy
 u - a ring of willpower
 w - an amulet of magic regeneration
 B - a ring of ice
Wands
 m - a wand of flame (20)
Scrolls
 c - a scroll of fog
 d - a scroll of butterflies
 e - 4 scrolls of amnesia {unknown}
 h - 3 scrolls of teleportation
 l - 3 scrolls of immolation {unknown}
 n - 2 scrolls of vulnerability {unknown}
 q - a scroll of enchant armour
 v - 2 scrolls of acquirement {unknown}
 y - a scroll of fear {unknown}
 z - a scroll of poison {unknown}
Potions
 f - 2 potions of heal wounds
 g - 2 potions of cancellation {unknown}
 i - a potion of invisibility {unknown}
 j - 2 potions of curing {unknown}
 r - 2 potions of ambrosia {unknown}
 s - a potion of degeneration {unknown}
 t - a potion of flight {unknown}
 x - 2 potions of brilliance {unknown}


   Skills:
 * Level 6.5 Fighting
 * Level 8.5 Axes
 * Level 3.2 Throwing
 * Level 5.8 Armour
 * Level 4.7 Dodging
 * Level 3.0 Stealth
 * Level 0.7 Shields
 * Level 2.7 Evocations


You had 7 spell levels left.
You didn't know any spells.
Your spell library was empty.

Dungeon Overview and Level Annotations

Branches:
Dungeon (5/15)
 Temple: D:4-7

Altars:
Makhleb
Sif Muna

Shops:
D:1 [??=   D:4 (


Innate Abilities, Weirdness & Mutations

You have a pair of horns on your head.
You reflexively headbutt those who attack you in melee.


Message History

Your Stealth skill increases to level 3!
You closely miss the gnoll.
You feel very sick. The gnoll barely misses you. You block the gnoll's attack.
The gnoll barely misses you. The gnoll hits you but does no damage.
You hit the gnoll.
The gnoll is lightly wounded.
You feel sick. The gnoll closely misses you. You block the gnoll's attack.
The gnoll hits you but does no damage. You block the gnoll's attack.
You hit the gnoll.
The gnoll is moderately wounded.
You feel sick. The gnoll closely misses you. You furiously retaliate!
You headbutt the gnoll.
The gnoll hits you from afar with a +0 halberd.
You slash the gnoll!
You kill the gnoll!
Trog accepts your kill.
You feel sick.
You are no longer poisoned.
The gnoll barely misses you. The gnoll hits you but does no damage.
You block the gnoll's attack. The gnoll barely misses you.
Items here: ))) [ ††.
You block the gnoll's attack.
You barely miss the gnoll. You headbutt the gnoll.
The gnoll is lightly wounded.
You block the gnoll's attack. The gnoll hits you with a +0 halberd!
You closely miss the gnoll.
The gnoll is lightly wounded.
The gnoll hits you with a +0 halberd!
* * * LOW HITPOINT WARNING * * *
The gnoll hits you with a +0 halberd!
* * * LOW HITPOINT WARNING * * *
You closely miss the gnoll. You headbutt the gnoll.
The gnoll is moderately wounded.
You block the gnoll's attack. x2
You hit the gnoll but do no damage.
Your weapon exudes an aura of protection.
The gnoll is moderately wounded.
You block the gnoll's attack. The gnoll hits you with a +0 halberd!
You die...

####.# ### ######....#
.. ........... ..
##........ #.
##......... #.
#......<...
#.#######.#....)...
#.....##..#........
#g@##....##........
##)##.#####........
#)#..)# #........
#####...#.####........
#...........#######..#
#........##..# #.##
#......).###.## ##...
#######)).##...###....
#)#..# #........


You could see a gnoll.

Vanquished Creatures
  The ghost of DemonSlayer the Digger, an amateur DsEE (D:4)
  A black bear (D:5)
  3 ogres
  A bullfrog (D:5)
  A wyvern zombie (D:4)
  A scorpion (D:5)
  5 killer bees (D:5)
  A howler monkey (D:4)
  2 bullfrog zombies (D:4)
  4 hounds
  2 jellies (D:5)
  A gnoll bouda (D:5)
  7 orc priests
  Crazy Yiuf (D:3)
  A bullfrog skeleton (D:4)
  A sleepcap (D:5)
  3 iguanas (D:5)
  6 orc wizards
  6 adders
  7 gnolls
  2 dart slugs
  18 orcs
  3 bats
  4 endoplasms
  3 giant cockroaches
  8 goblins
  7 hobgoblins
  3 kobolds
  3 quokkas
  5 ball pythons
  5 frilled lizards
  4 rats (D:2)
120 creatures vanquished.

Notes
Turn   | Place    | Note
-------+----------+-------------------------------------------
     0 | D:1      | Darius the Minotaur Berserker began the quest for the Orb.
     0 | D:1      | Reached XP level 1. HP: 19/19 MP: 0/0
   158 | D:1      | Found Ymith's Magic Scroll Shop.
   219 | D:1      | Found Acuebbuph's Jewellery Shop.
   329 | D:1      | Reached XP level 2. HP: 15/27 MP: 1/1
   558 | D:1      | Reached skill level 4 in Axes
   623 | D:1      | Found Opraedou's Antique Armour Shop.
   768 | D:1      | Found Fomoz's Magic Scroll Emporium.
  1125 | D:1      | Bought a scroll of identify for 20 gold pieces
  1125 | D:1      | Bought a scroll of identify for 20 gold pieces
  1125 | D:1      | Bought a scroll of identify for 20 gold pieces
  1193 | D:2      | Reached ** piety under Trog
  1211 | D:2      | Found a faded altar of an unknown god.
  1217 | D:2      | Reached XP level 3. HP: 33/33 MP: 2/2
  1401 | D:2      | Reached skill level 1 in Stealth
  1908 | D:3      | Reached XP level 4. HP: 36/41 MP: 3/3
  2002 | D:3      | Reached skill level 5 in Axes
  2077 | D:3      | Reached skill level 1 in Throwing
  2077 | D:3      | Reached XP level 5. HP: 47/47 MP: 4/4
  2108 | D:3      | HP: 2/47 [orc wizard/+0 dagger (3)]
  2307 | D:3      | Identified the +0 ring mail of Fopaapty {rElec Dex+4}
  2487 | D:3      | Found a runed translucent door.
  2488 | D:3      | Noticed Crazy Yiuf
  2494 | D:3      | Killed Crazy Yiuf
  2637 | D:4      | Found a shimmering blue altar of Sif Muna.
  2678 | D:4      | Reached XP level 6. HP: 20/55 MP: 5/5
  2869 | D:4      | Reached *** piety under Trog
  2883 | D:4      | Reached skill level 6 in Axes
  2883 | D:4      | Reached skill level 1 in Evocations
  3001 | D:4      | Found Kostruu's Antique Weapon Boutique.
  3032 | D:4      | Reached skill level 5 in Fighting
  3176 | D:4      | Found a runed translucent gate.
  3176 | D:4      | Found a runed translucent gate.
  3176 | D:4      | Found a runed translucent gate.
  3177 | D:4      | Noticed DemonSlayer's ghost (amateur DsEE)
  3534 | D:4      | Reached XP level 7. HP: 61/61 MP: 6/6
  3692 | D:4      | Found a burning altar of Makhleb.
  4046 | D:4      | Killed DemonSlayer's ghost
  4047 | D:4      | Reached skill level 7 in Axes
  4101 | D:5      | Entered Level 5 of the Dungeon
  4109 | D:5      | Reached XP level 8. HP: 70/70 MP: 7/7
  4114 | D:5      | Reached skill level 5 in Armour
  4553 | D:5      | Reached skill level 8 in Axes
  4554 | D:5      | Identified the +3 ring mail of the Cooper {Slay+2 SInv}
  4959 | D:5      | Slain by a gnoll

Illustrated notes

Levels and vault maps discovered:
D:1:      minmay_arrival_checkered_box, layout_loops_corners, serial_shops,
          nicolae_shop_rolling_square, nicolae_shop_advertising_works
          [nicolae_subvault_shop_adworks], nicolae_shop_back_alley_shop, shop,
          serial_rivers, chequers_serial_rivers_micro_d,
          chequers_serial_rivers_large_b, chequers_serial_rivers_small_3,
          chequers_serial_rivers_micro_b, chequers_serial_rivers_room_b
D:2:      layout_loops_cross, nicolae_ecumenical_snake_handling
D:3:      layout_rooms, uniq_crazy_yiuf_cottage
D:4:      layout_basic, mainiacjoe_overflow_alcove_4,
          nicolae_sif_muna_condensation, gammafunk_ghost_necromancy,
          serial_shops, shop
D:5:      layout_rooms, nicolae_overflow_two_pavilions

Skill      XL: |  1  2  3  4  5  6  7  8 |
---------------+-------------------------+-----
Axes           | 4 5 6 7 8 |  8.5
Fighting       | 4 5 6 |  6.5
Stealth        | 1 2 3 |  3.0
Throwing       | 1 2 3 |  3.2
Armour         | 3 4 5 |  5.8
Dodging        | 3 4 |  4.7
Evocations     | 1 2 |  2.7
Shields        | |  0.7

Action                     |  1- 3 |  4- 6 |  7- 9 || total
---------------------------+-------+-------+-------++-------
  Melee: Hand axe          |    69 |    97 |   125 ||   291
         Headbutt          |     4 |    17 |    18 ||    39
         Punch             |       |     2 |     1 ||     3
  Throw: Javelin           |       |     1 |       ||     1
 Invoke: Berserk           |       |     5 |     5 ||    10
  Evoke: Wand              |       |       |     4 ||     4
    Use: Scroll            |     8 |     1 |     2 ||    11
         Potion            |       |       |     1 ||     1
   Stab: Distracted        |       |       |     1 ||     1
 Armour: Animal skin       |    23 |    19 |       ||    42
         Ring mail         |       |    27 |    65 ||    92
  Dodge: Dodged            |    48 |    58 |    83 ||   189
  Block: Tower shield      |       |       |    32 ||    32
